Map: Cactus Valley LE (Void)

Players

PandaBearMe - Winner!

  • Race: Zerg Zerg
  • Spawn Location: 7:00

Livibee

  • Race: Zerg Zerg
  • Spawn Location: 1:00

Event: WCS Austin 2017

VOD

Have the link to the VOD?

Description

Time

  • Played on: April 28, 2017, 1:36 p.m.
  • Length: 6:21

All games in this series

Show
View Real Time Build Order
Export as new Build Order

PandaBearMe Zerg - Winner!

Build Orders: Hatch First, Zergling Baneling 

Get SALT Encoding   

  12  0:01  Drone  
  13  0:12  Overlord  
  13  0:17  Drone  
  14  0:30  Drone x2  
  16  0:48  Hatchery  
  15  0:51  Drone  
  15  0:55  Drone  
  17  1:00  Drone  
  17  1:02  Extractor  
  17  1:14  Spawning Pool  
  17  1:17  Drone  
  17  1:20  Drone  
  18  1:28  Drone  
  19  1:39  Overlord  
  19  1:52  Drone  
  20  2:00  Queen  
  20  2:01  Queen  
  24  2:02  Metabolic Boost  
  24  2:07  Zergling x2  
  25  2:09  Zergling x2  
  25  2:13  Drone  
  25  2:15  Drone  
  28  2:21  Drone  
  29  2:23  Drone  
  29  2:29  Baneling Nest  
  29  2:33  Drone  
  29  2:34  Drone  
  30  2:46  Zergling x4  
  32  2:55  Overlord  
  32  2:57  Zergling x2  
  33  3:13  Hatchery  
  33  3:15  Zergling x12  
  38  3:24  Zergling x4  
  38  3:25  Overlord  
  40  3:30  Baneling  
  40  3:32  Overlord  
  40  3:36  Baneling  
  40  3:37  Baneling x2  
  40  3:42  Drone  
  40  3:44  Drone x3  
  43  3:57  Overlord  
  43  3:58  Drone x4  
  43  4:02  Drone  
  46  4:08  Drone  
  44  4:11  Roach Warren  
  44  4:12  Zergling x2  
  42  4:22  Overlord  
  42  4:23  Extractor  
  42  4:24  Drone x3  
  39  4:26  Queen  
  39  4:30  Zergling x2  
  39  4:31  Zergling x2  
  44  4:33  Baneling x2  
  44  4:42  Zergling x12  
  50  4:48  Zergling x4  
  50  4:50  Baneling x2  
  52  4:53  Roach x2  
  52  4:58  Roach  
  58  5:02  Roach x2  
  61  5:07  Overlord  
  61  5:09  Roach  
  61  5:14  Roach x2  
  67  5:15  Zergling x2  
  68  5:22  Roach  
  68  5:25  Roach, Overlord  
  68  5:26  Zergling x4  
  74  5:30  Zergling x4  
  74  5:31  Zergling x2  
  74  5:34  Zergling x2  
  78  5:37  Zergling x4  
  78  5:38  Zergling x2  
  78  5:42  Zergling x2  
  82  5:43  Zergling x2  
  83  5:58  Zergling x18  
Show
View Real Time Build Order
Export as new Build Order

Livibee Zerg 

Build Orders: Hatch First 

Get SALT Encoding   

  12  0:01  Drone  
  13  0:13  Overlord  
  13  0:22  Drone  
  14  0:31  Drone x2  
  16  0:37  Drone  
  17  0:53  Hatchery  
  16  0:58  Drone  
  17  1:09  Spawning Pool  
  16  1:12  Drone  
  16  1:17  Extractor  
  16  1:18  Drone  
  17  1:25  Drone  
  18  1:30  Drone  
  19  1:41  Overlord  
  19  1:55  Queen  
  19  1:56  Zergling x2  
  22  2:06  Queen  
  22  2:07  Drone x2  
  26  2:11  Drone  
  27  2:18  Drone, Metabolic Boost  
  29  2:22  Drone  
  29  2:28  Drone  
  30  2:34  Drone  
  31  2:37  Drone  
  31  2:43  Baneling Nest  
  31  2:47  Drone  
  32  2:52  Drone  
  32  2:54  Drone  
  34  2:59  Drone  
  34  3:03  Overlord x2  
  35  3:09  Hatchery  
  35  3:12  Drone  
  35  3:13  Drone  
  35  3:15  Extractor  
  35  3:19  Drone  
  36  3:24  Zergling x8  
  40  3:28  Baneling  
  40  3:30  Spine Crawler  
  40  3:31  Zergling x4  
  40  3:53  Baneling x3  
  38  4:06  Zergling x2  
  38  4:07  Zergling x12  
  36  4:17  Queen  
  36  4:18  Extractor  
  37  4:30  Drone, Queen  
  40  4:33  Lair  
  40  4:37  Drone x3  
  42  4:38  Drone x2  
  42  4:45  Baneling x2  
  43  4:52  Drone x4  
  47  4:53  Drone  
  47  4:59  Drone x4  
  52  5:01  Drone  
  53  5:09  Drone x3  
  56  5:14  Drone  
  55  5:35  Spine Crawler  
  53  5:36  Roach Warren, Spire  
  53  5:37  Zergling x2  
  53  5:38  Zergling x8, Extractor  
  54  5:43  Zergling x6  
Tags
 
Add a new tag
Caveats
  • Supply blocks, unpowered buildings, or Contaminate may cause inaccurate times.
  • Supply counts are checked every 10 seconds.